 Dungeon Crawl Stone Soup version 0.27.1-33-g824d729ab1 (webtiles) character file.

Game seed: 8853125486865824263

3 comborobin the Sneak (level 1, -1/18 HPs)
             Began as a Demigod Delver on Dec 28, 2021.
             Slain by Sigmund (8 damage)
             ... on level 3 of the Dungeon.
             The game lasted 00:00:55 (353 turns).

comborobin the Sneak (Demigod Delver)                Turns: 353, Time: 00:00:56

Health: -1/18      AC:  3    Str: 13    XL:     1   Next: 33%
Magic:  3/3        EV: 11    Int: 12    God:
Gold:   0          SH:  0    Dex: 15    Spells: 0/0 levels left

rFire    . . .     SeeInvis .   a - +0 short sword
rCold    . . .     Faith    .   (no shield)
rNeg     . . .     Spirit   .   b - +0 leather armour
rPois    .         Reflect  .   (no helmet)
rElec    .         Harm     .   (no cloak)
rCorr    .         Rampage  .   (no gloves)
Will     .....                  (no boots)
Stlth    +.........             (no amulet)
HPRegen  0.06/turn              (no ring)
MPRegen  0.08/turn              (no ring)

@: confused, hasted, very quick
A: high mp 1, forlorn
a: no special abilities


You were on level 3 of the Dungeon.
You visited 1 branch of the dungeon, and saw 4 of its levels.

Inventory:

Hand Weapons
 a - a +0 short sword (weapon)
Missiles
 h - 6 poisoned darts (quivered)
Armour
 b - a +0 leather armour (worn)
Wands
 g - a wand of digging (3)
Scrolls
 c - a scroll of fog
 d - a scroll of identify {unknown}
 e - a scroll of fear
Potions
 f - a potion of haste


   Skills:
 + Level 2.8 Fighting
 - Level 1.9 Short Blades
 - Level 1.7 Dodging
 - Level 4.5 Stealth


You couldn't memorise any spells.
You didn't know any spells.
Your spell library was empty.

Dungeon Overview and Level Annotations

Branches:
Dungeon (6/15)
 Temple: D:4-7

Annotations:
D:3 1 runed translucent door, Crazy Yiuf, Sigmund


Innate Abilities, Weirdness & Mutations

Your attributes grow dramatically as you level up.
You have an increased reservoir of magic. (+10% MP)
You shall have no god before yourself.


Message History

Aim: Sigmund, wielding a +0 scythe and wearing a +0 robe (55% to hit)
You throw a poisoned dart. The poisoned dart hits Sigmund.
Unknown command.
Throw: 8 darts (poison)
Press: ? - help, Q - select action Shift-Dir - straight line, f/p - Sigmund
Aim: Sigmund, wielding a +0 scythe and wearing a +0 robe (55% to hit)
You throw a poisoned dart. The poisoned dart hits Sigmund.
Unknown command.
Throw: 7 darts (poison)
Press: ? - help, Q - select action Shift-Dir - straight line, f/p - Sigmund
Aim: Sigmund, wielding a +0 scythe and wearing a +0 robe (55% to hit)
You throw a poisoned dart. The poisoned dart hits Sigmund.
Sigmund is poisoned.
Sigmund gestures at you while chanting.
You are confused.
You are too confused!
Unknown command.
You feel yourself speed up.
You're too confused to move!
You bump into the rock wall.
Sigmund points at you and mumbles some strange words.
You are more confused.
Sigmund closely misses you.
You bump into the rock wall.
Sigmund completely misses you.
You bump into the rock wall.
Sigmund barely misses you.
You bump into the rock wall.
You bump into the rock wall.
Sigmund casts a spell.
Sigmund flickers and vanishes!
Deactivating autopickup; reactivate with Ctrl-A.
You hear some strange, mumbled words.
You are more confused.
You bump into the rock wall.
You're too confused to move!
You bump into the rock wall.
Something hits you.
A magic dart appears from out of thin air!
The magic dart hits you!
You bump into the rock wall.
Something hits you!
You die...

#...........# *,#..#,,,,,,,*,*,
#...........# #.#..#********,*,
#†..........# #.#..,,,,,,,,,,*,
#(.###.###### #.#.#***********,
#...##.# #.#.# *,
#...##.#########.#.###*********,
#...##.#.......#.#<..,,,,,,,,,,,
#....#.#,****#.#.#.#######******
#....#.#,* #.@.....((((.,,,,,,
##....#.#.#######.#.#######******
........#.........#.#
.....#..#####....##.#
.....#.>............#
#######.#####....#### # #.#
#....# # #.# #....# # #.# #....#


There were no monsters in sight!

Vanquished Creatures
  2 ball pythons (D:3)
  An endoplasm (D:3)
3 creatures vanquished.

Vanquished Creatures (others)
  A fungus (D:3)
1 creature vanquished.

Grand Total: 4 creatures vanquished

Notes
Turn   | Place    | Note
-------+----------+-------------------------------------------
     0 | D:5      | comborobin the Demigod Delver began the quest for the Orb.
     0 | D:5      | Reached XP level 1. HP: 18/18 MP: 3/3
    57 | D:5      | Noticed a hound
    68 | D:6      | Noticed a sky beast
   290 | D:3      | Found a runed translucent door.
   291 | D:3      | Noticed Crazy Yiuf
   326 | D:3      | Noticed Sigmund
   353 | D:3      | Slain by Sigmund

Illustrated notes

Levels and vault maps discovered:
D:3:      layout_basic, uniq_crazy_yiuf_cottage, uniq_jessica, uniq_sigmund
D:4:      layout_loops_ring, minmay_temple_entry_waves
D:5:      layout_basic, mainiacjoe_overflow_catwalk, uniq_ijyb
D:6:      minmay_cornered_nines, layout_loops_cross, uniq_maggie

Action                   || total
-------------------------++-------
Melee: Short sword       ||     5
Throw: Dart              ||     4
  Use: Scroll            ||     1
       Potion            ||     1
 Stab: Sleeping          ||     1
Armor: Leather armour    ||     1
Dodge: Dodged            ||     3
